 Dungeon Sprint DCSS version 0.27-a0-198-g1307ea1511 (webtiles) character file.

Game seed: 6872224964570854165

20046 Conn the Scorcher (level 12, -29/74 HPs)
             Began as an Octopode Fire Elementalist on Jan 29, 2021.
             Was the Champion of Sif Muna.
             Killed from afar by a fire giant (46 damage)
             ... with a fireball
             ... in the Dungeon (Sprint I: "Red Sonja").
             The game lasted 00:58:13 (5301 turns).

Conn the Scorcher (Octopode Fire Elementalist)      Turns: 5301, Time: 00:58:14

Health: -29/74     AC:  4    Str:  6    XL:     12   Next: 75%
Magic:  40/51      EV: 16    Int: 25    God:    Sif Muna [******]
Gold:   247        SH:  0    Dex: 12    Spells: 6/43 levels left

rFire    . . .     SeeInvis .   j - +1 dagger (distort)
rCold    . . .     Faith    .   (no shield)
rNeg     . . .     Spirit   .   c - +3 hat of Pondering {ponderous, Will+ MP+10 Int+5}
rPois    +         Reflect  .   (no amulet)
rElec    .         Harm     .   q - ring of magical power (curse)
rCorr    .         Rampage  .   r - ring of wizardry
Will     +....     NoTele   +   g - ring of poison resistance
Stlth    +++++.....             (no ring)
HPRegen  0.22/turn              (no ring)
MPRegen  0.32/turn              (no ring)
                                (no ring)
                                (no ring)

@: slow
A: almost no armour, stealthy swim, amphibious, 8 rings, constrict 8, camouflage
1, dopey 1, weak 1, gelatinous body 1
a: Renounce Religion, Channel Magic, Forget Spell, Divine Exegesis


You were in the Dungeon.
You worshipped Sif Muna.
Sif Muna was exalted by your worship.
You visited 1 branch You collected 1631 gold pieces.
You spent 1384 gold pieces at shops.

Inventory:

Hand Weapons
 j - a +1 dagger of distortion (weapon)
 p - a +0 vampiric long sword
Missiles
 k - 9 curare-tipped darts (quivered)
Armour
 c - the +3 hat of Pondering (worn) {ponderous, Will+ MP+10 Int+5}
   (You found it in the Dungeon)

   It affects your intelligence (+5).
   It affects your willpower, your defense against some magical effects.
   It affects your magic capacity (+10).
Jewellery
 g - a ring of poison resistance (on tentacle)
 q - a cursed ring of magical power (left tentacle)
 r - a ring of wizardry (right tentacle)
Wands
 h - a wand of acid (3)
Scrolls
 d - a scroll of remove curse {unknown}
 m - a scroll of immolation {unknown}
 o - a scroll of identify {unknown}
Potions
 a - a potion of berserk rage
 b - 5 potions of curing
 e - 2 potions of magic


   Skills:
 + Level 4.1 Fighting
 + Level 1.2 Short Blades
 + Level 2.5 Throwing
 + Level 6.3 Dodging
 + Level 8.1 Stealth
 * Level 16.4 Spellcasting
 * Level 14.2 Conjurations
 + Level 4.4 Summonings
 - Level 5.1 Translocations
 + Level 0.7 Transmutations
 * Level 17.5 Fire Magic
 + Level 0.6 Air Magic
 + Level 2.2 Earth Magic
 + Level 0.9 Poison Magic
 - Level 6.1 Invocations
 + Level 1.5 Evocations


You had 6 spell levels left.
You knew the following spells:

 Your Spells              Type           Power        Failure   Level
a - Foxfire               Conj/Fire      100%         0%          1
b - Conjure Flame         Conj/Fire      79%          0%          3
c - Hailstorm             Conj/Ice       54%          1%          4
d - Sticky Flame          Conj/Fire      79%          1%          4
e - Fireball              Conj/Fire      39%          1%          5
f - Mephitic Cloud        Conj/Pois/Air  46%          1%          3
g - Bolt of Magma         Conj/Fire/Erth 33%          1%          5
h - Blink                 Tloc           N/A          1%          2
i - Call Imp              Summ           42%          1%          2
j - Irradiate             Conj/Tmut      27%          1%          5
k - Ignite Poison         Fire/Tmut/Pois 51%          1%          3

Your spell library contained the following spells:

 Spells                   Type           Power        Failure   Level
 Magic Dart               Conj           100%         0%          1
 Corona                   Hex            22%          1%          1
 Ensorcelled Hibernation  Hex/Ice        40%          1%          2
 Passwall                 Tmut/Erth      23%          1%          2
 Poisonous Vapours        Pois/Air       48%          1%          2
 Slow                     Hex            20%          1%          2
 Swiftness                Air            23%          1%          2
 Wereblood                Tmut           24%          1%          2
 Dazzling Flash           Conj/Hex       100%         1%          3
 Inner Flame              Hex/Fire       59%          1%          3
 Portal Projectile        Hex/Tloc       66%          1%          3
 Passage of Golubria      Tloc           N/A          1%          4
 Iskenderun's Battlesphe  Conj           75%          1%          5
 Starburst                Conj/Fire      39%          1%          6
 Spider Form              Tmut/Pois      12%          2%          3
 Leda's Liquefaction      Hex/Erth       13%          6%          4
 Olgreb's Toxic Radiance  Pois           25%          7%          4
 Lee's Rapid Deconstruct  Erth           15%          12%         5
 Summon Mana Viper        Hex/Summ       31%          12%         5
 Alistair's Intoxication  Tmut/Pois      16%          21%         5
 Blade Hands              Tmut           12%          21%         5
 Freezing Cloud           Conj/Ice/Air   22%          21%         6
 Yara's Violent Unravell  Hex/Tmut       11%          24%         5
 Shadow Creatures         Summ           N/A          24%         6
 Statue Form              Tmut/Erth      18%          61%         6
 Eringya's Noxious Bog    Tmut/Pois      12%          69%         6
 Hydra Form               Tmut           12%          71%         6
 Invisibility             Hex            20%          80%         6
 Ignition                 Fire           41%          4%          8
 Spellforged Servitor     Conj/Summ      30%          19%         7
 Malign Gateway           Summ/Tloc      22%          73%         7
 Fire Storm               Conj/Fire      39%          80%         9
 Chain Lightning          Conj/Air       27%          95%         8
 Dragon Form              Tmut           12%          99%         7
 Summon Horrible Things   Summ           21%          100%        8
 Shatter                  Erth           15%          100%        9


Dungeon Overview and Level Annotations

Branches:
Dungeon (1/1)

Altars:
Cheibriados
Dithmenos
Elyvilon
Fedhas
Gozag
Hepliaklqana
Kikubaaqudgha
Makhleb
Nemelex Xobeh
Okawaru
Qazlal
Ru
Sif Muna
Trog
Uskayaw
Vehumet
Wu Jian
Xom
Yredelemnul
Zin
The Shining One
Jiyva
Lugonu

Shops:
D }!**[[*:*=*[!((*=*:[[

Annotations:
D Lernaean hydra


Innate Abilities, Weirdness & Mutations

You cannot wear most types of armour.
You are very stealthy in the water. (Stealth+)
You are amphibious.
You can wear up to eight rings at the same time.
You can use your tentacles to constrict eight enemies at once.
Your skin changes colour to match your surroundings (Stealth+).
Your rubbery body absorbs attacks. (AC +1, EV +1)
You are dopey. (Int -2)
You are weak. (Str -2)


Message History

A cannonade of hail descends around you!
The hail pelts the fire giant!!
The fire giant is heavily wounded.
The hail pelts the fire giant!
The fire giant is moderately wounded.
The hail pelts the fire giant!!
The fire giant is moderately wounded.
Casting: Hailstorm (mildly dangerous; 1% risk of failure)
Confirm with . or Enter, or press ? or * to list all spells.
Casting: Hailstorm (mildly dangerous; 1% risk of failure)
Press: ? - help, Dir - look around, f - activate A cannonade of hail descends around you!
The hail pelts the fire giant!
The fire giant is moderately wounded.
The hail pelts the fire giant!
The fire giant is heavily wounded.
The fire giant casts a spell at you.
The fireball explodes!
The fireball engulfs you!!!
Ouch! That really hurt!
You die... ###.###.#..## .○###..#+###..≈# ..'[∩##.#.^# ##○○ ##...#.≈..## #######.##'# #$$ ###.#.≈..# ...§.##.##.# $$$$ #.###..# ....§.'.#### $°$$

#.# +..# '######§#
$$$$####'# ##+##
...§..#§# ###....#
#≈≈≈##
....§#§§#?//#####...####
#≈≈≈≈##
....≈####)...CCC@.###
#≈≈≈≈≈# ...≈≈#
!$....##### ##≈≈≈≈#
.≈≈≈## /.... #+≈≈≈'≈
≈≈### .... ##≈≈#≈ ##'###
$$$ ##### ###∩∩# ##
∩∩∩∩## ≈ #####


You could see 3 fire giants.

Vanquished Creatures
  A deep elf annihilator (D)
  A lorocyproca (D)
  A mummy priest (D)
  A hydra (D)
  2 centaur warriors (D)
  Sonja (D)
  7 unseen horrors (D)
  A lindwurm (D)
  A deep troll (D)
  2 oklob plants (D)
  A shining eye (D)
  2 merfolk sirens (D)
  A gargoyle (D)
  2 kobold demonologists (D)
  4 demonic crawlers (D)
  A hellwing (D)
  5 hornets (D)
  A slime creature (D)
  Sigmund (D)
  2 redbacks (D)
  A yak (D)
  11 hogs (D)
  5 floating eyes (D)
  7 necrophages (D)
  An ogre (D)
  8 jellies (D)
  Ijyb (D)
  2 ballistomycete spores (D)
74 creatures vanquished.

Vanquished Creatures (collateral kills)
  7 shining eyes (D)
  2 floating eyes (D)
9 creatures vanquished.

Vanquished Creatures (others)
  A gargoyle (D)
  57 foxfires (D)
58 creatures vanquished.

Grand Total: 141 creatures vanquished

Notes
Turn   | Place    | Note
-------+----------+-------------------------------------------
     0 | D        | Conn the Octopode Fire Elementalist began the quest for the
                  | Orb.
     0 | D        | Reached XP level 1. HP: 11/11 MP: 3/3
     1 | D        | Noticed Ijyb
    22 | D        | Killed Ijyb
    23 | D        | Reached skill level 5 in Fire Magic
    23 | D        | Reached XP level 2. HP: 5/18 MP: 0/6
    23 | D        | Reached XP level 3. HP: 6/22 MP: 0/7
   270 | D        | Learned a level 3 spell: Conjure Flame
   274 | D        | Learned a level 3 spell: Inner Flame
   278 | D        | Noticed an ogre
   293 | D        | Killed an ogre
   294 | D        | Reached skill level 7 in Fire Magic
   294 | D        | Reached XP level 4. HP: 27/27 MP: 1/10
   383 | D        | Noticed Sigmund
   400 | D        | Killed Sigmund
   401 | D        | Reached skill level 1 in Fighting
   401 | D        | Reached skill level 5 in Spellcasting
   401 | D        | Reached skill level 9 in Fire Magic
   401 | D        | Reached XP level 5. HP: 27/33 MP: 2/13
   401 | D        | Reached XP level 6. HP: 32/38 MP: 2/14
   494 | D        | Found an ornate altar of the Wu Jian Council.
   494 | D        | Found a shimmering blue altar of Sif Muna.
   498 | D        | Found a radiant altar of Vehumet.
   515 | D        | Became a worshipper of Sif Muna the Loreminder
   543 | D        | Learned a level 4 spell: Sticky Flame
   549 | D        | Learned a level 5 spell: Fireball
   549 | D        | Found Ratwyrib's General Store.
   549 | D        | Found an ancient bone altar of Kikubaaqudgha.
   549 | D        | Found a hazy altar of Hepliaklqana.
   549 | D        | Found a stormy altar of Qazlal.
   549 | D        | Found a hide-covered altar of Uskayaw.
   549 | D        | Found a blossoming altar of Fedhas.
   549 | D        | Found a bloodstained altar of Trog.
   549 | D        | Found an iron altar of Okawaru.
   549 | D        | Found a basalt altar of Yredelemnul.
   549 | D        | Found a glowing golden altar of the Shining One.
   549 | D        | Found a snail-covered altar of Cheibriados.
   549 | D        | Found a sacrificial altar of Ru.
   549 | D        | Found a glowing silver altar of Zin.
   549 | D        | Found a shadowy altar of Dithmenos.
   549 | D        | Found a white marble altar of Elyvilon.
   549 | D        | Noticed a yak
   562 | D        | Killed a yak
   563 | D        | Reached skill level 5 in Stealth
   563 | D        | Reached skill level 10 in Fire Magic
   572 | D        | Found an opulent altar of Gozag.
   573 | D        | Found a sparkling altar of Nemelex Xobeh.
   603 | D        | Bought a scroll of fear for 45 gold pieces
   621 | D        | Noticed Sonja
   629 | D        | Found a burning altar of Makhleb.
   629 | D        | Found a viscous altar of Jiyva.
   629 | D        | Found a shimmering altar of Xom.
   629 | D        | Found a corrupted altar of Lugonu.
   629 | D        | Noticed a slime creature
   639 | D        | Killed a slime creature
   639 | D        | Killed a gargoyle
   640 | D        | Reached skill level 5 in Conjurations
   640 | D        | Reached skill level 11 in Fire Magic
   640 | D        | Reached XP level 7. HP: 9/44 MP: 10/17
   923 | D        | Killed Sonja
   923 | D        | Reached * piety under Sif Muna
   924 | D        | Reached skill level 12 in Fire Magic
   924 | D        | Reached XP level 8. HP: 20/50 MP: 3/20
  1162 | D        | Found Mupn's Gadget Boutique.
  1182 | D        | Noticed a deep troll
  1196 | D        | Killed a deep troll
  1197 | D        | Reached skill level 5 in Dodging
  1197 | D        | Reached skill level 13 in Fire Magic
  1284 | D        | Found Midd's Armour Emporium.
  1306 | D        | Noticed a centaur warrior
  1307 | D        | Noticed a centaur warrior
  1309 | D        | Killed a centaur warrior
  1310 | D        | Reached skill level 1 in Throwing
  1310 | D        | Reached skill level 10 in Spellcasting
  1310 | D        | Reached XP level 9. HP: 20/55 MP: 1/23
  1310 | D        | Killed a centaur warrior
  1310 | D        | Reached ** piety under Sif Muna
  1311 | D        | Reached skill level 14 in Fire Magic
  1514 | D        | Noticed a hornet
  1519 | D        | Killed a hornet
  1520 | D        | Reached skill level 1 in Invocations
  1602 | D        | Noticed an oklob plant
  1606 | D        | Killed an oklob plant
  1607 | D        | Reached XP level 10. HP: 61/61 MP: 20/25
  1651 | D        | Reached *** piety under Sif Muna
  1652 | D        | Reached skill level 10 in Conjurations
  1719 | D        | Noticed an unseen horror
  1720 | D        | Killed an unseen horror
  1722 | D        | Noticed an unseen horror
  1723 | D        | Killed an unseen horror
  1724 | D        | Reached skill level 15 in Fire Magic
  1924 | D        | Reached **** piety under Sif Muna
  1928 | D        | Reached ***** piety under Sif Muna
  1931 | D        | Identified Sif Muna's Tome of Unreason (Sif Muna gifted it
                  | to you in the Dungeon)
  1931 | D        | Received a gift from Sif Muna
  2156 | D        | Found Hitreg's Book Shoppe.
  2156 | D        | Found Umuhyu Roubi's General Store.
  2156 | D        | Found Holoigh's Assorted Antiques.
  2158 | D        | Found Olibbe Bamu's Jewellery Emporium.
  2158 | D        | Found Nuarac's General Store.
  2158 | D        | Found Goag's Armour Shoppe.
  2158 | D        | Found Sut Xitt's Distillery.
  2158 | D        | Found Ajodwomiuh's Weapon Emporium.
  2158 | D        | Found Gimej's Antique Weapon Shop.
  2158 | D        | Found Nixzegut's General Store.
  2161 | D        | Found Etiz's Jewellery Boutique.
  2162 | D        | Found Turch's Book Emporium.
  2162 | D        | Found Wasiw's Assorted Antiques.
  2163 | D        | Found Wiom's Antique Armour Emporium.
  2192 | D        | Bought a book of Minor Magic for 260 gold pieces
  2196 | D        | Learned a level 3 spell: Mephitic Cloud
  2202 | D        | Learned a level 5 spell: Bolt of Magma
  2205 | D        | Learned a level 2 spell: Blink
  2208 | D        | Learned a level 2 spell: Call Imp
  2214 | D        | Learned a level 5 spell: Iskenderun's Battlesphere
  2223 | D        | Bought a cursed ring of magical power for 221 gold pieces
  2228 | D        | Bought an uncursed ring of wizardry for 390 gold pieces
  2293 | D        | Noticed a shining eye
  2293 | D        | Noticed a shining eye
  2293 | D        | Noticed a shining eye
  2341 | D        | Identified Emioprur's Guide on Shifting Contamination (Sif
                  | Muna gifted it to you in the Dungeon)
  2341 | D        | Received a gift from Sif Muna
  2359 | D        | Noticed a shining eye
  2362 | D        | Gained mutation: You are weak. (Str -2) [a shining eye]
  2398 | D        | Killed a shining eye
  2418 | D        | Gained mutation: You are dopey. (Int -2) [a shining eye]
  2420 | D        | Killed a shining eye
  2421 | D        | Reached skill level 1 in Summonings
  2421 | D        | Reached skill level 5 in Invocations
  2421 | D        | Reached skill level 1 in Evocations
  2421 | D        | Reached XP level 11. HP: 66/66 MP: 27/27
  2477 | D        | Killed a shining eye
  2523 | D        | Noticed a shining eye
  2523 | D        | Noticed a shining eye
  2534 | D        | Killed a shining eye
  2536 | D        | Noticed a shining eye
  2562 | D        | Noticed a shining eye
  2566 | D        | Killed a shining eye
  2566 | D        | Identified Sif Muna's Catalogue of the Glacier and
                  | Transmutation (Sif Muna gifted it to you in the Dungeon)
  2566 | D        | Received a gift from Sif Muna
  2578 | D        | Killed a shining eye
  2587 | D        | Killed a shining eye
  2596 | D        | Killed a shining eye
  2620 | D        | Found Cifuan's Antique Armour Shop.
  2620 | D        | Found Kuuziywn's Distillery.
  2620 | D        | Found Leg Taal's Armour Boutique.
  2620 | D        | Found Wysaen's Assorted Antiques.
  2648 | D        | Bought 2 potions of heal wounds for 130 gold pieces
  2648 | D        | Bought 2 potions of curing for 78 gold pieces
  2660 | D        | Learned a level 3 spell: Ignite Poison
  2696 | D        | Noticed a sixfirhy
  2808 | D        | Learned a level 5 spell: Irradiate
  2828 | D        | Identified Sif Muna's Grimoire of Enthralling Clay (Sif
                  | Muna gifted it to you in the Dungeon)
  2828 | D        | Received a gift from Sif Muna
  2831 | D        | Reached skill level 1 in Translocations
  3142 | D        | Noticed a lindwurm
  3145 | D        | Killed a lindwurm
  3146 | D        | Reached skill level 1 in Earth Magic
  3360 | D        | Identified Sif Muna's Disquisition on Clay and Heat (Sif
                  | Muna gifted it to you in the Dungeon)
  3360 | D        | Received a gift from Sif Muna
  3363 | D        | Reached skill level 16 in Fire Magic
  3379 | D        | Reached ****** piety under Sif Muna
  3744 | D        | Noticed a 12-headed hydra
  3753 | D        | Identified Sif Muna's Tome of Flying Moulding (Sif Muna
                  | gifted it to you in the Dungeon)
  3753 | D        | Received a gift from Sif Muna
  3772 | D        | Killed a 12-headed hydra
  3773 | D        | Reached skill level 15 in Spellcasting
  4037 | D        | Noticed a deep elf annihilator
  4040 | D        | Killed a deep elf annihilator
  4041 | D        | Reached XP level 12. HP: 74/74 MP: 24/31
  4048 | D        | Reached skill level 1 in Short Blades
  4048 | D        | Reached skill level 5 in Translocations
  4051 | D        | Identified Sif Muna's Collected Works on Bewitchment and
                  | Illusion (Sif Muna gifted it to you in the Dungeon)
  4051 | D        | Received a gift from Sif Muna
  4051 | D        | Paralysed by a hornet for 2 turns
  4218 | D        | Found the +3 hat of Pondering {ponderous, Will+ MP+10
                  | Int+5}
  4220 | D        | Noticed a mummy priest
  4227 | D        | Killed a mummy priest
  4228 | D        | Reached skill level 17 in Fire Magic
  4404 | D        | Bought an uncursed ring of poison resistance for 260 gold
                  | pieces
  4498 | D        | Noticed a lorocyproca
  4504 | D        | Killed a lorocyproca
  4862 | D        | Noticed the 27-headed Lernaean hydra
  4940 | D        | Noticed a daeva
  5023 | D        | Received a gift from Sif Muna
  5286 | D        | Learned a level 4 spell: Hailstorm
  5290 | D        | Noticed a fire giant
  5293 | D        | Noticed a fire giant
  5294 | D        | Noticed a fire giant
  5295 | D        | Noticed a fire giant
  5301 | D        | Killed from afar by a fire giant

Illustrated notes

Levels and vault maps discovered:
D:        dungeon_sprint_1 [red_sonja_temple_1, red_sonja_temple_small_1]

Skill      XL: |  1  2  3  4  5  6  7  8  9 10 11 12 |
---------------+-------------------------------------+-----
Stealth        | 3 4 5 6 7 8 |  8.1
Spellcasting   | 3 4 5 7 8 10 11 12 15 16 | 16.4
Conjurations   | 2 3 4 5 6 8 9 11 12 14 | 14.2
Fire Magic     | 5 7 9 11 12 13 14 15 16 17 | 17.5
Fighting       | 1 2 3 4 |  4.1
Dodging        | 3 4 5 6 |  6.3
Throwing       | 1 2 |  2.5
Invocations    | 2 5 6 |  6.1
Summonings     | 1 4 |  4.4
Evocations     | 1 |  1.5
Translocations | 4 5 |  5.1
Earth Magic    | 2 |  2.2
Short Blades   | 1 |  1.2
Transmutations | |  0.7
Air Magic      | |  0.6
Poison Magic   | |  0.9

Action                   |  1- 3 |  4- 6 |  7- 9 | 10-12 || total
-------------------------+-------+-------+-------+-------++-------
Melee: Unarmed           |    11 |       |       |       ||    11
       Tentacles         |     2 |       |     1 |    10 ||    13
       Constrict         |     1 |       |     1 |    10 ||    12
       Dagger            |       |       |     2 |    51 ||    53
Throw: Dart              |       |       |     5 |       ||     5
 Cast: Foxfire           |     8 |    14 |     2 |    11 ||    35
       Conjure Flame     |     1 |     2 |     2 |     1 ||     6
       Sticky Flame      |       |     1 |     1 |    18 ||    20
       Fireball          |       |       |    10 |    31 ||    41
       Call Imp          |       |       |       |    27 ||    27
       Bolt of Magma     |       |       |       |    13 ||    13
       Irradiate         |       |       |       |     7 ||     7
       Mephitic Cloud    |       |       |       |     2 ||     2
       Hailstorm         |       |       |       |     3 ||     3
       Blink             |       |       |       |     2 ||     2
Evoke: Wand              |       |       |     1 |     3 ||     4
  Use: Potion            |     1 |       |       |     9 ||    10
       Scroll            |       |       |       |     4 ||     4
 Stab: Sleeping          |       |       |     1 |     1 ||     2
Armor: Skin              |       |       |       |     3 ||     3
Dodge: Dodged            |     9 |     2 |     2 |    50 ||    63

Table legend: (Time is in decaauts)
 A = Elapsed time spent in this place.
 B = Non-inter-level travel time spent in this place.
 C = Inter-level travel time spent in this place.
 D = Time resting spent in this place.
 E = Time spent auto-exploring this place.
 F = Levels seen in this place.
 G = Mean time per level.
                   A        B        C        D        E       F      G
               +--------+--------+--------+--------+--------+-----+--------+
         Total |   5320 |   5289 |     31 |   3427 |      0 |   1 | 5320.0 |
       Dungeon |   5320 |   5289 |     31 |   3427 |      0 |   1 | 5320.0 |
               +--------+--------+--------+--------+--------+-----+--------+

Top non-repeatable levels by time:
       D: 5320 daAuts
